 Dungeon Crawl Stone Soup version 0.25-a0-458-g6fc7858b95 (webtiles) character file.

Game seed: 14805760097758864384, levelgen mode: deterministic

10917 Epan the Geomancer (level 11, -2/66 HPs)
             Began as a Gargoyle Earth Elementalist on Feb 2, 2020.
             Was an Elder of Vehumet.
             Hit by a large rock thrown by a cyclops (28 damage)
             ... on level 13 of the Dungeon.
             The game lasted 00:34:18 (13390 turns).

Epan the Geomancer (Gargoyle Earth Elementalist)   Turns: 13390, Time: 00:34:19

Health: -2/66      AC: 17    Str: 10    XL:     11   Next: 69%
Magic:  22/22      EV: 14    Int: 24    God:    Vehumet [****..]
Gold:   695        SH:  0    Dex: 12    Spells: 10/24 levels left

rFire    + . .     SeeInvis .   j - +3 morningstar (vorpal)
rCold    . . .     Gourm    .   (no shield)
rNeg     + . .     Faith    .   G - +2 robe {MR+}
rPois    ∞         Spirit   .   (helmet restricted)
rElec    +         Reflect  .   m - +2 cloak
rCorr    .         Harm     .   x - +0 pair of gloves
MR       +....                  (no boots)
Stlth    ++........             (no amulet)
HPRegen  0.21/turn              v - +5 ring of intelligence
MPRegen  0.18/turn              r - ring of protection from fire

@: no status effects
A: horns 1, agile 1, negative energy resistance 1, electricity resistance, weak
1, unbreathing, petrification resistance, rot immunity, AC +8
a: Renounce Religion


You were on level 13 of the Dungeon.
You worshipped Vehumet.
Vehumet was greatly pleased with you.
You were not hungry.

You visited 2 branches of the dungeon, and saw 14 of its levels.
You also visited: Ossuary.

You collected 695 gold pieces.

Inventory:

Hand Weapons
 h - a +0 dagger of draining
 j - a +3 vorpal morningstar (weapon)
 p - a +0 whip of electrocution
Missiles
 b - 16 stones (quivered)
 F - a throwing net
Armour
 m - a +2 cloak (worn)
 x - a +0 pair of gloves (worn)
 G - a +2 robe of magic resistance (worn)
 H - a +1 helmet
Jewellery
 i - an uncursed ring of protection from magic
 r - a ring of protection from fire (right hand)
 v - a +5 ring of intelligence (left hand)
Wands
 e - a wand of acid (8)
 l - a wand of digging (14)
 w - a wand of flame (22)
 B - a wand of paralysis (20)
Scrolls
 a - 7 scrolls of teleportation
 c - a scroll of fog
 g - 4 scrolls of magic mapping
 n - 2 scrolls of blinking
 t - 5 scrolls of remove curse
 z - 4 scrolls of identify
 E - a scroll of fear
Potions
 f - 4 potions of haste
 k - 7 potions of curing
 o - 2 potions of flight
 q - 3 potions of lignification
 u - 6 potions of heal wounds
 A - 2 potions of ambrosia
 C - a potion of brilliance
 D - a potion of might
Miscellaneous
 y - a box of beasts
Comestibles
 d - 19 rations
 s - 4 chunks of flesh


   Skills:
 + Level 6.6 Fighting
 + Level 6.0 Maces & Flails
 - Level 6.0 Armour
 + Level 5.5 Dodging
 - Level 2.1 Stealth
 + Level 7.3 Spellcasting
 + Level 8.1 Conjurations
 - Level 0.7 Transmutations
 + Level 9.9 Earth Magic
 + Level 2.4 Evocations


You had 10 spell levels left.
You knew the following spells:

 Your Spells              Type           Power        Failure   Level  Hunger
a - Sandblast             Erth           ######       1%          1    None
b - Stone Arrow           Conj/Erth      ######       1%          3    None
c - Lee's Rapid Deconstr  Erth           ######....   1%          5    #####..
d - Irradiate             Conj/Tmut      ####......   9%          5    #####..

Your spell library contained the following spells:

 Spells                   Type           Power        Failure   Level  Hunger
 Airstrike                Air            #.........   17%         4    ###....
 Passwall                 Tmut/Erth      ####....     1%          2    None
 Animate Skeleton         Necr           N/A          7%          1    None
 Apportation              Tloc           #.....       7%          1    None
 Corona                   Hex            #......      7%          1    None
 Summon Small Mammal      Summ           #...         7%          1    None
 Petrify                  Tmut/Erth      ####....     8%          4    ###....
 Hydra Form               Tmut           ##........   100%        6    ######.
 Dragon Form              Tmut           ##........   100%        7    #######
 Statue Form              Tmut/Erth      Unusable     N/A         6    N/A

Dungeon Overview and Level Annotations

Branches:
Dungeon (14/15)            Temple (1/1) D:6            Lair (0/6) D:8
Ossuary (visited)
    Orc: D:9-12      Vaults: D:13-14

Altars:
Ashenzari
Cheibriados
Dithmenos
Elyvilon
Hepliaklqana
Kikubaaqudgha
Makhleb
Nemelex Xobeh
Okawaru
Qazlal
Ru
Uskayaw
Vehumet
Wu Jian
Yredelemnul
Zin

Shops:
D:5 *   D:7 [%([=


Innate Abilities, Weirdness & Mutations

You are resistant to torment.
Your stone body is resilient. (AC +8)
You are immune to poison.
You resist negative energy. (rN+)
You are resistant to electric shocks. (rElec)
You can survive without breathing.
You are immune to petrification.
You are immune to rotting.
You have a pair of small horns on your head.
You are agile. (Dex +2)
You are weak. (Str -2)


Message History

Confirm with . or Enter, or press ? or * to list all spells.
You can't see any susceptible monsters within range! (Use Z to cast anyway.)
You see here a hippogriff corpse.
You butcher the hippogriff corpse.
s - 4 chunks of flesh You see here a hippogriff skeleton.
Unknown command.
You start resting.
Your magical contamination has completely faded away.
You start resting.
Magic restored.
A cyclops comes into view.
The cyclops shouts!
You hear a shout!
Found a ring mail.
The cyclops throws a large rock.
The large rock hits you!!
You see here a large rock.
The cyclops throws a large rock.
The large rock hits you!
You see here a large rock.
The cyclops throws a large rock.
The large rock hits you!!
You die...

#. ..# #. ..# . #.# #
#.# # #.## # #..# #
############..##########
....[C.@.((..........÷..
########################


You could see a cyclops.

Vanquished Creatures
  Snorg (D:11)
  Erica (D:11)
  A centaur zombie (D:11)
  A kobold demonologist (D:14)
  A komodo dragon (D:13)
  A merfolk (D:11)
  4 hippogriffs
  Sigmund (D:4)
  A wraith (D:11)
  5 yaks (D:11)
  4 wyverns (D:8)
  A hungry ghost (D:9)
  Duvessa (D:5)
  2 water moccasins
  2 sky beasts
  A swamp drake (D:8)
  3 ice beasts
  2 phantoms
  A black bear (D:7)
  7 orc warriors
  6 centaurs
  4 ogres
  2 crocodiles (D:8)
  3 elf zombies
  5 bullfrogs
  Dowan (D:5)
  An elf skeleton (D:7)
  3 scorpions
  9 wights
  A howler monkey (D:7)
  4 crimson imps
  3 jellies
  6 human zombies
  6 orc priests
  3 hounds
  9 orc wizards
  2 bullfrog skeletons
  A gnoll shaman (D:4)
  Crazy Yiuf (D:2)
  3 centaur skeletons
  6 worker ants
  Natasha (thrice) (D:3)
  6 iguanas
  2 human skeletons (D:7)
  Terence (D:3)
  A big kobold zombie (Ossuary)
  2 hound zombies (Ossuary)
  3 mummies (Ossuary)
  A howler monkey zombie (D:10)
  Robin (D:4)
  3 gnolls (D:3)
  A worker ant zombie (D:6)
  11 adders
  4 shadow imps
  An ooze (D:1)
  7 adder zombies (Ossuary)
  An adder skeleton (D:4)
  4 worms
  4 dart slugs
  4 leopard geckos
  52 orcs
  4 bats
  7 giant cockroaches
  A gnoll zombie (Ossuary)
  10 hobgoblins
  17 jackals
  5 quokkas
  8 frilled lizards
  13 goblins
  3 goblin zombies (Ossuary)
  6 hobgoblin zombies (Ossuary)
  2 jackal zombies (D:8)
  4 kobolds
  9 kobold zombies (Ossuary)
  A leopard gecko skeleton (D:6)
  2 orc skeletons (D:7)
  2 orc zombies (D:7)
  2 quokka zombies (Ossuary)
  4 rats
  A rat zombie (Ossuary)
  A fungus (D:2)
334 creatures vanquished.

Notes
Turn   | Place    | Note
-------+----------+-------------------------------------------
     0 | D:1      | Epan the Gargoyle Earth Elementalist began the quest for
                  | the Orb.
     0 | D:1      | Reached XP level 1. HP: 10/10 MP: 3/3
   242 | D:1      | Reached XP level 2. HP: 15/15 MP: 1/5
   308 | D:1      | Reached skill level 4 in Earth Magic
   554 | D:1      | Reached XP level 3. HP: 19/19 MP: 4/6
   815 | D:1      | Learned a level 3 spell: Stone Arrow
  1370 | D:2      | Reached skill level 1 in Conjurations
  1535 | D:2      | Reached XP level 4. HP: 24/24 MP: 8/8
  2073 | D:2      | Found a runed translucent door.
  2074 | D:2      | Noticed Crazy Yiuf
  2079 | D:2      | Killed Crazy Yiuf
  2205 | D:3      | Noticed Natasha
  2210 | D:3      | Killed Natasha
  2210 | D:3      | Reached skill level 5 in Earth Magic
  2210 | D:3      | Reached XP level 5. HP: 20/28 MP: 2/9
  2688 | D:3      | Reached XP level 6. HP: 27/32 MP: 11/11
  2966 | D:3      | Noticed Natasha
  2974 | D:3      | Killed Natasha
  3221 | D:3      | Noticed Terence
  3229 | D:3      | Killed Terence
  3257 | D:3      | Learned a level 5 spell: Lee's Rapid Deconstruction
  3365 | D:3      | Noticed Natasha
  3371 | D:3      | Killed Natasha
  3634 | D:4      | Reached skill level 6 in Earth Magic
  3817 | D:4      | Noticed Sigmund
  3966 | D:4      | Killed Sigmund
  3966 | D:4      | Reached XP level 7. HP: 27/36 MP: 0/13
  4326 | D:4      | Reached skill level 1 in Fighting
  4374 | D:4      | Reached skill level 1 in Armour
  4499 | D:4      | Reached skill level 1 in Maces & Flails
  5116 | D:4      | Noticed Robin
  5133 | D:4      | Killed Robin
  5201 | D:5      | Entered Level 5 of the Dungeon
  5238 | D:5      | Reached XP level 8. HP: 31/43 MP: 12/15
  5536 | D:5      | Noticed Duvessa
  5537 | D:5      | Noticed Dowan
  5555 | D:5      | Killed Duvessa
  5555 | D:5      | Reached skill level 5 in Spellcasting
  5555 | D:5      | Reached skill level 7 in Earth Magic
  5562 | D:5      | Found a burning altar of Makhleb.
  5564 | D:5      | Found an iron altar of Okawaru.
  5682 | D:5      | Killed Dowan
  5733 | D:5      | Found Cihoromm's Serpentskin Sales.
  5788 | D:5      | Reached skill level 5 in Conjurations
  6008 | D:5      | Found a shadowy altar of Dithmenos.
  6011 | D:5      | Found a sparkling altar of Nemelex Xobeh.
  6013 | D:5      | Found an ancient bone altar of Kikubaaqudgha.
  6314 | D:6      | Reached XP level 9. HP: 34/50 MP: 15/17
  6650 | D:6      | Found a staircase to the Ecumenical Temple.
  6727 | Temple   | Entered the Ecumenical Temple
  6748 | Temple   | Became a worshipper of Vehumet
  7303 | D:7      | Found Tereusa's Antique Weapon Shoppe.
  7337 | D:7      | Reached skill level 8 in Earth Magic
  7348 | D:7      | Reached * piety under Vehumet
  7348 | D:7      | Offered knowledge of Freeze by Vehumet.
  7354 | D:7      | Found Muiff's Food Shop.
  7375 | D:7      | Found Moirixt's Antique Armour Shoppe.
  7395 | D:7      | Found Leesupt's Antique Armour Emporium.
  7405 | D:7      | Gained mutation: You are weak. (Str -2) [potion of
                  | mutation]
  7405 | D:7      | Gained mutation: You are agile. (Dex +2) [potion of
                  | mutation]
  7405 | D:7      | Gained mutation: You have a pair of small horns on your
                  | head. [potion of mutation]
  7507 | D:7      | Found Heabocom's Jewellery Shop.
  7684 | D:7      | Found a sand-covered staircase.
  7697 | Ossuary  | Entered an ossuary
  8051 | Ossuary  | Reached ** piety under Vehumet
  8053 | Ossuary  | Offered knowledge of Magic Dart by Vehumet.
  8337 | D:7      | Reached XP level 10. HP: 38/58 MP: 19/19
  8547 | D:7      | Offered knowledge of Static Discharge by Vehumet.
  8840 | D:7      | Reached *** piety under Vehumet
  9250 | D:7      | Reached skill level 5 in Armour
  9393 | D:7      | Reached skill level 5 in Fighting
  9523 | D:7      | Found an ornate altar of the Wu Jian Council.
  9798 | D:8      | Learned a level 5 spell: Irradiate
  9992 | D:8      | Offered knowledge of Conjure Flame by Vehumet.
 10268 | D:8      | Found a glowing silver altar of Zin.
 10268 | D:8      | Noticed an angel
 10560 | D:8      | Reached skill level 9 in Earth Magic
 10592 | D:8      | Reached skill level 5 in Maces & Flails
 10950 | D:8      | Found a staircase to the Lair.
 11301 | D:9      | Reached **** piety under Vehumet
 11646 | D:9      | Reached XP level 11. HP: 44/64 MP: 21/21
 12103 | D:10     | Entered Level 10 of the Dungeon
 12234 | D:10     | Reached skill level 5 in Dodging
 12399 | D:11     | Noticed Snorg
 12406 | D:11     | Killed Snorg
 12406 | D:11     | Reached skill level 1 in Evocations
 12595 | D:11     | Offered knowledge of Airstrike by Vehumet.
 12652 | D:11     | Noticed Erica
 12656 | D:11     | Killed Erica
 13232 | D:11     | You fall into a shaft and drop 3 floors!
 13236 | D:14     | Noticed a centaur warrior
 13242 | D:14     | Noticed a white ugly thing
 13243 | D:14     | Noticed a white ugly thing
 13245 | D:14     | Noticed a white ugly thing
 13246 | D:14     | Noticed a white ugly thing
 13250 | D:14     | Noticed a two-headed ogre
 13385 | D:13     | Noticed a cyclops
 13390 | D:13     | Hit by a large rock thrown by a cyclops

Levels and vault maps discovered:
D:1:      ncdulo_smallfort, layout_basic, minmay_misc_feat_pillars,
          minmay_tetromino_o2
D:2:      minmay_skewed_foursquare, layout_loops_cross, first_ration,
          fountainhead, uniq_crazy_yiuf_cottage
D:3:      layout_basic, kennysheep_generic_room_14, uniq_natasha, uniq_terence
D:4:      layout_loops_corners, minmay_circle_x, uniq_sigmund, uniq_robin
D:5:      layout_basic, grunt_temple_overflow_open, guppyfry_shop_venom,
          uniq_duvessa
D:6:      layout_loops_cross, minmay_temple_entry_large_hall
D:7:      layout_layer_cave, lemuel_coloured_pillars_altar,
          nicolae_ossuary_entry_catacombs, serial_shops, shop_coins,
          nicolae_shop_waterfront, nicolae_shop_temple_entry_statues_fountains,
          nicolae_shop_window_shopping, shop
D:8:      layout_basic, zin_angel, erik_lair_dragon
D:9:      layout_basic
D:10:     layout_rooms
D:11:     layout_roguey, hangedman_fish_farm, glass_columns_b, uniq_snorg,
          uniq_erica
D:13:     layout_long_grid, david_vaults_5
D:14:     layout_gridville, kennysheep_decorative_pillar, hex_large,
          lemuel_altar_in_water
Temple:   eino_wide_crystal_templ

Skill      XL: |  1  2  3  4  5  6  7  8  9 10 11 |
---------------+----------------------------------+-----
Earth Magic    | 4 5 6 7 8 9 |  9.9
Conjurations   | 1 2 4 5 6 7 8 |  8.1
Spellcasting   | 3 4 5 6 7 |  7.3
Fighting       | 1 3 4 5 6 |  6.6
Armour         | 1 3 4 6 |  6.0
Maces & Flails | 1 2 4 5 6 |  6.0
Dodging        | 2 3 4 5 |  5.5
Evocations     | 2 |  2.4
Stealth        | |  2.1
Transmutations | |  0.7

Action                   |  1- 3 |  4- 6 |  7- 9 | 10-12 || total
-------------------------+-------+-------+-------+-------++-------
Melee: Unarmed           |     5 |       |       |       ||     5
       Club              |    28 |       |       |       ||    28
       Dagger            |   101 |   235 |   237 |       ||   573
       Whip              |       |       |    14 |       ||    14
       Morningstar       |       |       |   321 |   243 ||   564
       Headbutt          |       |       |    19 |    32 ||    51
 Cast: Sandblast         |    22 |     8 |    38 |    70 ||   138
       Stone Arrow       |       |    26 |    17 |    26 ||    69
       Lee's Rapid Decon |       |       |     9 |    16 ||    25
       Irradiate         |       |       |       |     1 ||     1
  Use: Scroll            |     5 |     2 |     9 |     8 ||    24
       Potion            |       |     4 |     5 |       ||     9
 Stab: Sleeping          |     3 |     1 |     3 |     4 ||    11
       Distracted        |       |       |     1 |       ||     1
  Eat: Chunk             |     2 |    11 |    18 |    20 ||    51
       Ration            |       |       |     1 |       ||     1
Armor: Robe              |    37 |    67 |    48 |    36 ||   188
       Animal skin       |       |       |   277 |    94 ||   371
Dodge: Dodged            |   108 |   101 |   544 |   235 ||   988

Table legend:
 A = Non-vault XP
 B = Vault XP
 C = Vault XP percentage of total XP
 D = Non-vault monster count
 E = Vault monster count
 F = Vault count percentage of total count
                 A         B        C        D         E       F
            +---------+---------+-------+---------+---------+-------
      Total |   10478 |    5119 |  32.8 |     242 |      91 |  27.3
            +---------+---------+-------+---------+---------+-------
        D:1 |      40 |       2 |   4.8 |      17 |       2 |  10.5
        D:2 |      44 |      55 |  55.6 |      13 |       9 |  40.9
        D:3 |     285 |      67 |  19.0 |      28 |       2 |   6.7
        D:4 |     267 |     432 |  61.8 |      22 |      14 |  38.9
        D:5 |     664 |     391 |  37.1 |      26 |       4 |  13.3
        D:6 |    1265 |       0 |   0.0 |      28 |       0 |   0.0
        D:7 |    1941 |     432 |  18.2 |      36 |      11 |  23.4
        D:8 |    1275 |     977 |  43.4 |      23 |       6 |  20.7
        D:9 |     900 |       0 |   0.0 |      19 |       0 |   0.0
       D:10 |     422 |       0 |   0.0 |       5 |       0 |   0.0
       D:11 |    2354 |    2308 |  49.5 |      22 |       3 |  12.0
       D:13 |     638 |       0 |   0.0 |       2 |       0 |   0.0
       D:14 |     383 |       0 |   0.0 |       1 |       0 |   0.0
    Ossuary |       0 |     455 | 100.0 |       0 |      40 | 100.0
            +---------+---------+-------+---------+---------+-------
